 Dungeon Crawl Stone Soup version 0.29.1-15-g9cfb28693d (webtiles) character file.

Game seed: 17228956064252675985

960 protoss039 the Trooper (level 7, -9/50 (55) HPs)
             Began as a Demonspawn Earth Elementalist on Mar 12, 2023.
             Was an Initiate of Vehumet.
             Killed from afar by Duvessa (10 damage)
             ... with a puff of flame
             ... on level 5 of the Dungeon.
             The game lasted 00:08:51 (5234 turns).

protoss039 the Trooper (DsEE)                       Turns: 5234, Time: 00:08:52

HP:   -9/50 (55)    AC:  7    Str:  8    XL:     7   Next: 92%
MP:   10/13         EV: 10    Int: 18    God:    Vehumet [......]
Gold: 313           SH:  0    Dex: 14    Spells: 8/14 levels left

rFire   . . .      SeeInvis .   o - +1 dagger (venom)
rCold   . . .      Faith    .   (no shield)
rNeg    . . .      Spirit   .   B - +0 ring mail
rPois   .          Reflect  .   r - +1 helmet
rElec   .          Harm     .   (no cloak)
rCorr   .          Rampage  .   (no gloves)
Will    .....                   (no boots)
Stlth   +.........              (no amulet)
HPRegen 0.16/turn               (no ring)
MPRegen 0.13/turn               (no ring)

@: very slightly contaminated, drained
A: powered by death 1, spiny 1, weakness stinger 2
a: Renounce Religion


You were on level 5 of the Dungeon.
You worshipped Vehumet.
Vehumet was noncommittal.
You visited 2 branches of the dungeon, and saw 6 of its levels.

You collected 313 gold pieces.

Inventory:

Hand Weapons
 n - a +1 flail of draining
 o - a +1 dagger of venom (weapon)
 s - a +1 sling of flaming
 y - a +7 vampiric short sword
Missiles
 p - 4 atropa-tipped darts
Armour
 r - a +1 helmet (worn)
 B - a +0 ring mail (worn)
Scrolls
 a - a scroll of enchant weapon {unknown}
 f - 2 scrolls of poison
 h - 4 scrolls of identify {unknown}
 j - 2 scrolls of magic mapping {unknown}
 k - a scroll of silence {unknown}
 l - 2 scrolls of amnesia {unknown}
 m - 2 scrolls of butterflies
 q - a scroll of fear {unknown}
 u - a scroll of summoning {unknown}
 w - 2 scrolls of enchant armour {unknown}
 x - 3 scrolls of teleportation {unknown}
Potions
 b - a potion of magic
 c - a potion of heal wounds
 d - 3 potions of curing {unknown}
 e - 4 potions of degeneration {unknown}
 g - a potion of ambrosia {unknown}
 i - a potion of cancellation {unknown}
 t - 2 potions of haste {unknown}
 v - a potion of lignification {unknown}
 z - a potion of flight {unknown}
 A - a potion of brilliance {unknown}


   Skills:
 * Level 4.7 Fighting
 * Level 3.3 Armour
 - Level 1.7 Dodging
 - Level 1.7 Stealth
 + Level 4.2 Spellcasting
 + Level 2.2 Conjurations
 - Level 1.0 Transmutations
 + Level 4.6 Earth Magic


You had 8 spell levels left.
You knew the following spells:

 Your Spells              Type           Power      Damage    Failure   Level
a - Sandblast             Erth           40%        2d10      6%          1
b - Passwall              Tmut/Erth      11%        N/A       21%         2
c - Stone Arrow           Conj/Erth      32%        3d9       30%         3

Your spell library contained the following spells:

 Spells                   Type           Power      Damage    Failure   Level
 Ensorcelled Hibernation  Hex/Ice        6%         N/A       54%         2
 Spider Form              Tmut/Pois      5%         N/A       71%         3
 Portal Projectile        Hex/Tloc       6%         N/A       77%         3
 Tukima's Dance           Hex            3%         N/A       77%         3
 Petrify                  Tmut/Erth      14%        N/A       78%         4
 Anguish                  Hex/Necr       1%         N/A       99%         4
 Blade Hands              Tmut           3%         N/A       100%        5


Dungeon Overview and Level Annotations

Branches:
Dungeon (5/15) Zot: 24748  Temple (1/1) D:4 Zot: 5956

Altars:
Ashenzari
Cheibriados
Dithmenos
Fedhas
Gozag
Hepliaklqana
Kikubaaqudgha
Makhleb
Nemelex Xobeh
Qazlal
Ru
Sif Muna
Trog
Uskayaw
Vehumet
Wu Jian
Xom
Yredelemnul

Shops:
D:1 [

Annotations:
D:5 Dowan, Duvessa, Edmund


Innate Abilities, Weirdness & Mutations

You regenerate a little health from kills.
You are partially covered in sharp spines.
You have a tail ending in a sharp stinger.


Message History

You feel drained.
You closely miss Duvessa.
Duvessa is moderately wounded.
Dowan is struck by your spines. Dowan hits you with a +0 dagger.
Duvessa hits you with a +5 rapier of draining.
You feel drained.
Unknown command.
You hit Duvessa.
Duvessa looks even sicker.
You tail-slap Duvessa, but do no damage.
Duvessa is heavily wounded.
Dowan is struck by your spines. Dowan hits you with a +0 dagger.
Duvessa zaps a wand.
The puff of flame hits you!
Unknown command.
You closely miss Duvessa.
Duvessa is heavily wounded.
Dowan is struck by your spines. Dowan hits you but does no damage.
Duvessa zaps a wand.
The puff of flame hits you!
* * * LOW HITPOINT WARNING * * *
Unknown command.
Unknown command.
You barely miss Duvessa.
Duvessa is heavily wounded.
Dowan is struck by your spines. Dowan hits you but does no damage.
Duvessa hits you with a +5 rapier of draining.
* * * LOW HITPOINT WARNING * * *
You feel drained.
Unknown command.
Unknown command.
Casting: Sandblast (safe; 6% risk of failure)
Confirm with . or Enter, or press ? or * to list all spells.
Aiming: Stone Arrow (dangerous; 30% risk of failure)
Press: ? - help, Shift-Dir - straight line, f - Duvessa
Aim: Duvessa, wielding a +5 rapier of draining, wearing a +0 leather armour and carrying a wand of flame (2) (severely wounded, very poisoned, ally target, 72% to hit)
You miscast Stone Arrow.
You are very lightly contaminated with residual magic.
Strange energies run through your body!
* * * LOW HITPOINT WARNING * * *
Dowan casts a spell at Duvessa.
Duvessa seems to speed up.
Duvessa zaps a wand.
The puff of flame hits you!
You die...

###############
................
................
................
..........b.b.......
........................
..........e.............
...........@b.bb........
..........e.............
...........b..b..........
.........b......†.........
........?...b..............
.......<...................#
...........................#
...........................#
...........................#


You could see Duvessa (fast, very poisoned, ally target) and Dowan (ally
target).

Vanquished Creatures
  Sigmund (D:2)
  Blork the orc (D:4)
  4 scorpions (D:5)
  A howler monkey (D:4)
  2 hounds (D:5)
  2 orc priests (D:5)
  A jelly (D:4)
  2 iguanas
  Natasha (twice) (D:2)
  2 orc wizards (D:5)
  Robin (D:2)
  A gnoll (D:5)
  4 adders
  6 dart slugs
  4 worms
  8 orcs
  5 bats
  7 endoplasms
  A giant cockroach (D:1)
  15 goblins
  8 hobgoblins
  12 jackals
  4 kobolds
  4 quokkas
  4 ball pythons
  2 frilled lizards
  3 rats
107 creatures vanquished.

Notes
Turn   | Place    | Note
-------+----------+-------------------------------------------
     0 | D:1      | protoss039 the Demonspawn Earth Elementalist began the
                  | quest for the Orb.
     0 | D:1      | Reached XP level 1. HP: 13/13 MP: 3/3
   213 | D:1      | Found Fotech's Antique Armour Emporium.
   368 | D:1      | Gained mutation: You have a small tail. [demonic ancestry]
   368 | D:1      | Reached XP level 2. HP: 19/20 MP: 1/5
   636 | D:1      | Reached skill level 1 in Fighting
  1106 | D:1      | Learned a level 2 spell: Passwall
  1107 | D:2      | Noticed Robin
  1109 | D:2      | Noticed Natasha
  1111 | D:2      | Noticed a crimson imp
  1165 | D:1      | Gained mutation: You have a tail ending in a sharp stinger.
                  | [demonic ancestry]
  1165 | D:1      | Reached XP level 3. HP: 20/26 MP: 4/6
  1677 | D:2      | Noticed Sigmund
  1941 | D:2      | Killed Sigmund
  1942 | D:2      | Reached XP level 4. HP: 5/34 MP: 9/9
  1942 | D:2      | Gained mutation: You regenerate a little health from kills.
                  | [demonic ancestry]
  1942 | D:2      | Reached XP level 5. HP: 6/40 MP: 10/10
  2255 | D:2      | Killed Natasha
  2256 | D:2      | Reached skill level 1 in Transmutations
  2266 | D:2      | Killed Robin
  2536 | D:2      | Reached skill level 1 in Armour
  2580 | D:2      | Noticed Natasha
  2584 | D:2      | Killed Natasha
  2585 | D:2      | Gained mutation: You are partially covered in sharp spines.
                  | [demonic ancestry]
  2585 | D:2      | Reached XP level 6. HP: 42/47 MP: 7/11
  2744 | D:2      | Learned a level 3 spell: Stone Arrow
  2752 | D:3      | Found a faded altar of an unknown god.
  3076 | D:3      | Found a large runed translucent door.
  3076 | D:3      | Found a large runed translucent door.
  3153 | D:3      | You fall into a shaft and drop 2 floors!
  3153 | D:5      | Entered Level 5 of the Dungeon
  3334 | D:5      | Noticed Edmund
  3385 | D:5      | Reached skill level 1 in Conjurations
  3592 | D:4      | Reached XP level 7. HP: 53/53 MP: 9/12
  3889 | D:4      | Found a staircase to the Ecumenical Temple.
  3902 | Temple   | Entered the Ecumenical Temple
  3940 | Temple   | Became a worshipper of Vehumet
  4112 | D:3      | Found an opulent altar of Gozag.
  4116 | D:3      | Found a bloodstained altar of Trog.
  4504 | D:5      | Noticed Blork the orc
  4504 | D:5      | Noticed Duvessa
  4504 | D:5      | Noticed Dowan
  4517 | D:4      | HP: 2/54 [something (9)]
  4517 | D:4      | Killed Blork the orc
  5234 | D:5      | HP: 1/50 [something (8)]
  5234 | D:5      | Killed from afar by Duvessa

Illustrated notes

Levels and vault maps discovered:
D:1:      dpeg_arrival_renting, layout_loops_ring, serial_shops, shop
D:2:      layout_basic, uniq_sigmund, uniq_natasha, uniq_robin
D:3:      layout_rooms, jmf_multi_god_temple2, shapermc_ecumenical_altar_gd,
          hangedman_decor_diamond_cutter
D:4:      layout_loops_cross, minmay_temple_entry_hall, kennysheep_flooded_box
D:5:      layout_layer_cave, uniq_blork_the_orc, uniq_duvessa, uniq_edmund
Temple:   hellmonk_temple_of_storms

Skill      XL: |  1  2  3  4  5  6  7 |
---------------+----------------------+-----
Fighting       | 1 2 3 4 |  4.7
Earth Magic    | 3 4 |  4.6
Spellcasting   | 3 4 |  4.2
Transmutations | 1 |  1.0
Armour         | 1 2 3 |  3.3
Conjurations   | 1 2 |  2.2
Dodging        | |  1.7
Stealth        | |  1.7

Action                   |  1- 3 |  4- 6 |  7- 9 || total
-------------------------+-------+-------+-------++-------
Melee: Spear             |    10 |       |       ||    10
       Short sword       |     9 |       |       ||     9
       Tailslap          |     6 |     3 |     8 ||    17
       Punch             |     1 |     1 |       ||     2
       Dagger            |    20 |    55 |    57 ||   132
 Fire: Sling             |       |     5 |       ||     5
 Cast: Sandblast         |    41 |    33 |    21 ||    95
       Stone Arrow       |       |       |     3 ||     3
  Use: Scroll            |       |     1 |     2 ||     3
 Stab: Sleeping          |     6 |     1 |       ||     7
       Distracted        |       |       |     2 ||     2
Armor: Robe              |    12 |     9 |       ||    21
       Ring mail         |       |       |    12 ||    12
       Leather armour    |       |       |     7 ||     7
Dodge: Dodged            |    49 |    35 |    24 ||   108
